 Dungeon Crawl Stone Soup version 0.19.4-8-ga85b6b9 (webtiles) character file.

22140 Lennu the Carver (level 12, -16/95 HPs)
             Began as a Demonspawn Gladiator on Feb 6, 2017.
             Was a Follower of Uskayaw.
             Demolished by a tentacled starspawn (24 damage)
             ... on level 2 of the Abyss.
             The game lasted 01:14:45 (16092 turns).

Lennu the Carver (Demonspawn Gladiator)            Turns: 16092, Time: 01:14:45

Health: -16/95     AC: 21    Str: 16 (17) XL:     12   Next: 60%
Magic:  12/12      EV: 16    Int: 12 (14) God:    Uskayaw [*.....]
Gold:   489        SH:  2    Dex: 21 (24) Spells: 0 memorised, 11 levels left

rFire  + . .     SeeInvis +     c - +4 demon blade (vamp)
rCold  . . .     Gourm    .     r - +4 ring mail of the Shore {Int+3}
rNeg   . . .     Faith    .     (no shield)
rPois  .         Spirit   .     (helmet unavailable)
rElec  .         Reflect  +     G - +0 cloak
rCorr  .         Harm     .     I - +2 pair of gloves
MR     +....                    u - +1 pair of boots {run}
Stlth  +++.......               p - +2 amulet of reflection
                                g - +6 ring of dexterity
                                K - +2 ring of slaying

@: about to teleport, very slightly contaminated, non-regenerating, mildly
diseased, quick
A: antennae 3, claws 1, molten scales 3, demonic guardian 1, low mp 3, magic
resistance 1, nightstalker 1, screaming 1, strong 1, no device heal 1
a: Stomp, Renounce Religion


You were on level 2 of the Abyss.
You worshipped Uskayaw.
Uskayaw was aware of your devotion.
You were not hungry.

You visited 3 branches of the dungeon, and saw 14 of its levels.
You visited the Abyss 1 time.

You collected 873 gold pieces.
You spent 384 gold pieces at shops.

Inventory:

Hand Weapons
 c - a +4 vampiric demon blade (weapon)
 Q - a +1 long sword of flaming
Missiles
 m - 21 tomahawks (quivered)
Armour
 d - the +0 ring mail of Qazlal's Wrath {-Tele +Fly rCorr Str+3}
   (You acquired it on level 8 of the Dungeon)

   It affects your strength (+3).
   It lets you fly.
   It prevents most forms of teleportation.
   It protects you from acid and corrosion.
 e - a +2 robe of magic resistance
 r - the +4 ring mail of the Shore (worn) {Int+3}
   (You found it on level 7 of the Dungeon)

   It affects your intelligence (+3).
 u - a +1 pair of boots of running (worn)
 z - a +2 chain mail of positive energy
 G - a +0 cloak (worn)
 I - a +2 pair of gloves (worn)
 L - a +1 ring mail of poison resistance
Jewellery
 g - a +6 ring of dexterity (right hand)
 l - an uncursed ring of fire
 n - an uncursed ring of protection from cold
 p - a +2 amulet of reflection (around neck)
 w - an uncursed amulet of harm {unknown}
 x - an uncursed ring of see invisible
 J - an uncursed ring of protection from fire
 K - a +2 ring of slaying (left hand)
 T - a cursed ring of ice
 X - an uncursed ring of wizardry
Wands
 a - a wand of iceblast (11/15)
 j - a wand of iceblast (5/15)
 q - a wand of heal wounds (4/9)
 A - a wand of confusion (13/48)
 B - a wand of random effects (21/48)
 O - a wand of confusion (24/48)
 Y - a wand of acid (4/15)
Scrolls
 o - 7 scrolls of remove curse
 t - 3 scrolls of amnesia
 y - a scroll of fear
 F - 5 scrolls of magic mapping
 H - 3 scrolls of blinking
 M - a scroll of fog
 N - 2 scrolls of recharging
 P - a scroll of holy word
 R - a scroll of teleportation
Potions
 b - a potion of might
 h - 2 potions of ambrosia
 i - a potion of cancellation
 k - 9 potions of curing
 s - 2 potions of agility
 v - a potion of berserk rage
 E - 4 potions of brilliance
 U - a potion of mutation {unknown}
 V - a potion of flight {unknown}
 Z - 2 potions of cure mutation {unknown}
Comestibles
 f - 7 bread rations
 D - 8 slices of pizza


   Skills:
 * Level 9.1 Fighting
 * Level 13.2 Long Blades
 + Level 3.6 Throwing
 * Level 6.8 Armour
 * Level 7.3 Dodging
 - Level 2.2 Stealth
 * Level 8.1 Invocations


You had 11 spell levels left.
You didn't know any spells.

Dungeon Overview and Level Annotations

Branches:
Dungeon (11/15)            Temple (1/1) D:4            Lair (2/6) D:11
  Swamp: Lair:2-4    Shoals: Lair:2-4     Snake: Lair:2-4    Spider: Lair:2-4
    Orc: D:9-12

Altars:
Ashenzari
Cheibriados
Dithmenos
Elyvilon
Fedhas
Gozag
Hepliaklqana
Kikubaaqudgha
Makhleb
Nemelex Xobeh
Okawaru
Qazlal
Sif Muna
Trog
Uskayaw
Vehumet
Xom
Zin
The Shining One

Shops:
D:5 =   D:8 ?


Innate Abilities, Weirdness & Mutations

You have a pair of large antennae on your head. (SInv)
You are completely covered in molten scales. (AC +4, rF+)
A weak demonic guardian rushes to your aid.
You are slightly more attuned to the shadows.
You have sharp fingernails.
You are resistant to hostile enchantments. (MR+)
You occasionally shout uncontrollably at your foes.
Your muscles are strong. (Str +2)
Potions and wands are less effective at restoring your health.
[Your magical capacity is extremely low. (-30% MP)]


Message History

Tentacles burst from the starspawn's body!
The raiju bites you but does no damage. 2 starspawn tentacles come into view.
You hit the tentacled starspawn but do no damage.
The tentacled starspawn is lightly damaged.
You hit the raiju but do no damage.
The raiju is lightly wounded.
The tentacled starspawn bites you!
* * * LOW HITPOINT WARNING * * *
The tentacled starspawn engulfs you but does no damage.
Something grabs your iron imp.
Your iron imp is constricted.
The raiju bursts into living lightning!
The living lightning misses you.
The raiju blinks!
The starspawn tentacle closely misses you.
You slash the bone dragon!
The bone dragon is lightly damaged.
Something loses its grip on your iron imp.
The tentacle pulls your iron imp backwards!
The tentacled starspawn bites you!!
You die...

##.. ##..# .####
#..## .##..#.. {
##..... #. .. .. .
.##D..#...#.# ##..
#.. .##.##.### ...
###..##...{..# ...
#...D...#####.#
#..#.##.#XhwXw.#
#..#...§x##D@§#5X
§........#.####....#
..##......... #....#
.. ... . .# . .....
. #.####....## ...#
#. .. . ..## {#.
..#.## .#


You could see a bone dragon, a tentacled starspawn, a large abomination, a raiju
and 2 starspawn tentacles.

Vanquished Creatures
  Fannar (Lair:1)
  A hydra (D:11)
  A centaur warrior (D:9)
  Urug (Lair:2)
  3 unseen horrors (D:11)
  4 hill giants
  An ugly thing (D:11)
  A cyclops (D:11)
  8 elephants (Lair:2)
  A black mamba (Lair:1)
  A centaur zombie (D:10)
  A spiny frog (Lair:2)
  A rime drake (Lair:2)
  An ancient zyme (Abyss:2)
  The ghost of cutslo the Covered, an amateur MiFi (D:6)
  A troll (D:11)
  A hippogriff (D:7)
  A blink frog (Lair:1)
  17 yaks
  A wyvern (D:9)
  A human (D:8)
  A basilisk (Lair:1)
  A steam dragon (D:10)
  2 porcupines
  7 water moccasins
  2 hell hounds (D:11)
  4 orc warriors
  5 sky beasts
  A phantom (D:8)
  4 ice beasts
  5 centaurs
  8 ogres
  4 crocodiles
  7 bullfrogs
  2 water moccasin zombies
  A small abomination (Abyss:2)
  5 scorpions
  A wyvern skeleton (D:10)
  10 killer bees
  4 howler monkeys
  6 wights
  5 crimson imps
  A bullfrog zombie (D:11)
  4 hounds
  6 jellies
  4 orc priests
  A bullfrog skeleton (D:11)
  8 orc wizards
  2 centaur skeletons
  2 iguanas
  Ijyb (D:2)
  Natasha (thrice) (D:2)
  3 worker ants
  A killer bee zombie (D:7)
  A hound zombie (D:6)
  A hound skeleton (D:11)
  A worker ant zombie (D:6)
  4 gnolls (D:4)
  A howler monkey skeleton (D:5)
  16 adders
  2 shadow imps
  An ooze (D:2)
  An adder skeleton (D:6)
  An adder zombie (D:6)
  3 worms
  5 dart slugs
  7 leopard geckos
  42 orcs
  10 bats
  9 giant cockroaches
  5 goblins
  11 hobgoblins
  7 jackals
  4 quokkas
  4 ball pythons
  6 frilled lizards
  11 kobolds
  A leopard gecko skeleton (D:4)
  A quokka skeleton (D:8)
  9 rats
  2 butterflies (Lair:1)
336 creatures vanquished.

Vanquished Creatures (collateral kills)
  An elephant (Lair:2)
  A gargoyle (D:11)
  A hippogriff (D:11)
  Sigmund (D:2)
  A yak (Lair:1)
  A basilisk (Lair:1)
  A centaur (D:6)
  A small abomination (Abyss:2)
  A howler monkey (D:6)
  4 orc wizards
  A worm (D:5)
  2 orcs
16 creatures vanquished.

Vanquished Creatures (others)
  A komodo dragon (Lair:2)
  An ufetubus (Abyss:2)
  60 fungi (Lair:2)
  A lurking horror (Abyss:2)
  15 plants (Lair:2)
  9 starspawn tentacles (Abyss:2)
87 creatures vanquished.

Grand Total: 439 creatures vanquished

Notes
Turn   | Place    | Note
-------+----------+-------------------------------------------
     0 | D:1      | Lennu the Demonspawn Gladiator began the quest for the Orb.
     0 | D:1      | Reached XP level 1. HP: 16/16 MP: 1/1
   140 | D:1      | Reached skill level 3 in Long Blades
   140 | D:1      | Gained mutation: A weak demonic guardian rushes to your aid. [demonic ancestry]
   140 | D:1      | Reached XP level 2. HP: 14/22 MP: 2/2
   890 | D:2      | Reached XP level 3. HP: 24/27 MP: 3/3
  1356 | D:2      | Noticed Natasha
  1365 | D:2      | Killed Natasha
  1365 | D:2      | Reached skill level 1 in Armour
  1365 | D:2      | Gained mutation: You are slightly more attuned to the shadows. [demonic ancestry]
  1365 | D:2      | Reached XP level 4. HP: 22/33 MP: 4/4
  1852 | D:2      | Noticed Sigmund
  1852 | D:2      | Noticed Natasha
  1872 | D:2      | Killed Natasha
  2057 | D:2      | Killed Sigmund
  2057 | D:2      | Reached skill level 4 in Long Blades
  2057 | D:2      | Gained mutation: You are partially covered in molten scales. (AC +2) [demonic ancestry]
  2057 | D:2      | Reached XP level 5. HP: 28/39 MP: 5/5
  2399 | D:2      | Noticed Ijyb
  2427 | D:2      | Killed Ijyb
  2427 | D:2      | Reached XP level 6. HP: 29/46 MP: 6/6
  2667 | D:2      | Reached skill level 1 in Stealth
  2739 | D:2      | Identified a +0 pair of boots of running (You found it on level 2 of the Dungeon)
  2857 | D:2      | Noticed Natasha
  2935 | D:2      | Killed Natasha
  2935 | D:2      | Reached skill level 5 in Long Blades
  3627 | D:3      | Found an ancient bone altar of Kikubaaqudgha.
  4685 | D:4      | Gained mutation: You have a pair of small antennae on your head. [demonic ancestry]
  4685 | D:4      | Reached XP level 7. HP: 30/52 MP: 7/7
  5119 | D:4      | Found a staircase to the Ecumenical Temple.
  5127 | Temple   | Entered the Ecumenical Temple
  5213 | Temple   | Became a worshipper of Uskayaw the Reveler
  5251 | D:4      | Reached * piety under Uskayaw
  5542 | D:4      | Reached ** piety under Uskayaw
  5758 | D:5      | Entered Level 5 of the Dungeon
  5911 | D:5      | Reached skill level 6 in Long Blades
  6247 | D:5      | Reached *** piety under Uskayaw
  6254 | D:5      | Reached **** piety under Uskayaw
  6434 | D:5      | Reached XP level 8. HP: 60/60 MP: 8/8
  6521 | D:5      | Reached skill level 1 in Invocations
  6591 | D:5      | Found Ruskual's Jewellery Boutique.
  7005 | D:6      | Noticed cutslo's ghost (amateur MiFi)
  7024 | D:6      | Killed cutslo's ghost
  7024 | D:6      | Reached skill level 7 in Long Blades
  7963 | D:7      | Identified a scroll of acquirement
  8126 | D:7      | Reached XP level 9. HP: 34/67 MP: 11/11
  8334 | D:7      | Reached skill level 5 in Fighting
  8334 | D:7      | Reached skill level 8 in Long Blades
  8541 | D:7      | Reached skill level 5 in Dodging
  8633 | D:7      | Gained mutation: You occasionally shout uncontrollably at your foes. [mutagenic meat]
  8634 | D:7      | Gained mutation: Your muscles are strong. (Str +2) [mutagenic meat]
  8635 | D:7      | Gained mutation: [Your magical capacity is low. (-10% MP)] [mutagenic meat]
  8636 | D:7      | Gained mutation: You have sharp fingernails. [mutagenic meat]
  8637 | D:7      | Gained mutation: You possess an exceptional clarity of mind. [mutagenic meat]
  8638 | D:7      | Gained mutation: You have a pair of antennae on your head. [mutagenic meat]
  9003 | D:7      | Got an ichor-stained ring mail
  9014 | D:7      | Identified the +4 ring mail of the Shore {Int+3} (You found it on level 7 of the Dungeon)
  9186 | D:8      | Found a radiant altar of Vehumet.
  9186 | D:8      | Found a stormy altar of Qazlal.
  9187 | D:8      | Found a burning altar of Makhleb.
  9187 | D:8      | Found an iron altar of Okawaru.
  9188 | D:8      | Found a glowing golden altar of the Shining One.
  9188 | D:8      | Found a sparkling altar of Nemelex Xobeh.
  9189 | D:8      | Found a deep blue altar of Sif Muna.
  9329 | D:8      | Found Ohikufyfao's Magic Scroll Shoppe.
  9336 | D:8      | Bought a scroll of enchant armour for 90 gold pieces
  9336 | D:8      | Bought a scroll of enchant weapon for 90 gold pieces
  9336 | D:8      | Bought 3 scrolls of identify for 72 gold pieces
  9336 | D:8      | Bought a scroll of magic mapping for 42 gold pieces
  9336 | D:8      | Bought a scroll of blinking for 90 gold pieces
  9505 | D:8      | Found a shadowy altar of Dithmenos.
  9708 | D:8      | Reached skill level 9 in Long Blades
  9935 | D:8      | Gained mutation: You are mostly covered in molten scales. (AC +3) [mutagenic meat]
  9936 | D:8      | Gained mutation: Potions and wands are less effective at restoring your health. [mutagenic meat]
 10252 | D:8      | Got a warped ring mail
 10263 | D:8      | Identified the +0 ring mail of Qazlal's Wrath {-Tele +Fly rCorr Str+3} (You acquired it on level 8 of the Dungeon)
 11021 | D:9      | Noticed a centaur warrior
 11029 | D:9      | Killed a centaur warrior
 11029 | D:9      | Gained mutation: You are completely covered in molten scales. (AC +4, rF+) [demonic ancestry]
 11029 | D:9      | Reached XP level 10. HP: 62/76 MP: 12/12
 11316 | D:9      | Reached skill level 5 in Invocations
 11367 | D:9      | Reached skill level 10 in Long Blades
 11367 | D:9      | Reached ***** piety under Uskayaw
 11730 | D:9      | Found a white marble altar of Elyvilon.
 11730 | D:9      | Found an opulent altar of Gozag.
 11901 | D:10     | Entered Level 10 of the Dungeon
 12018 | D:10     | Noticed a hill giant
 12034 | D:10     | Killed a hill giant
 12201 | D:10     | Reached skill level 5 in Armour
 12770 | D:11     | Noticed a hill giant
 12785 | D:11     | Killed a hill giant
 12785 | D:11     | Reached skill level 11 in Long Blades
 13016 | D:11     | Noticed a green ugly thing
 13024 | D:11     | Killed a green ugly thing
 13024 | D:11     | Gained mutation: You have a pair of large antennae on your head. (SInv) [demonic ancestry]
 13024 | D:11     | Reached XP level 11. HP: 72/83 MP: 14/14
 13078 | D:11     | Noticed an unseen horror
 13084 | D:11     | Killed an unseen horror
 13215 | D:11     | Noticed a four-headed hydra
 13216 | D:11     | Noticed a hill giant
 13245 | D:11     | Killed a one-headed hydra
 13276 | D:11     | Killed a hill giant
 13371 | D:11     | Found a staircase to the Lair.
 13458 | D:11     | Gained mutation: Scrolls take you a little longer to read. [mutagenic meat]
 13460 | D:11     | Gained mutation: [Your magical capacity is very low. (-20% MP)] [mutagenic meat]
 13461 | D:11     | Gained mutation: You are resistant to hostile enchantments. (MR+) [mutagenic meat]
 13462 | D:11     | Lost mutation: Scrolls take you a little longer to read. [mutagenic meat]
 13463 | D:11     | Lost mutation: You possess an exceptional clarity of mind. [mutagenic meat]
 13523 | D:11     | Noticed a hill giant
 13533 | D:11     | Killed a hill giant
 13618 | D:11     | Noticed an unseen horror
 13622 | D:11     | Killed an unseen horror
 13747 | D:11     | Noticed an unseen horror
 13753 | D:11     | Killed an unseen horror
 13875 | D:11     | Reached skill level 12 in Long Blades
 14064 | Lair:1   | Entered Level 1 of the Lair of Beasts
 14397 | Lair:1   | Noticed Fannar
 14422 | Lair:1   | Killed Fannar
 14422 | Lair:1   | Mutation became permanent: You are completely covered in molten scales. (AC +4, rF+) [demonic ancestry]
 14422 | Lair:1   | Reached XP level 12. HP: 68/93 MP: 14/14
 14901 | Lair:2   | Noticed Urug
 14923 | Lair:2   | Killed Urug
 15398 | Lair:2   | Reached skill level 13 in Long Blades
 15729 | Lair:2   | Found a shattered altar of Ashenzari.
 15784 | Lair:2   | Got a blackened spear
 15785 | Lair:2   | Identified the +7 spear of Yfiux {distort, Int+2} (You found it on level 2 of the Lair of Beasts)
 15800 | Lair:2   | Cast into level 2 of the Abyss (a distortion unwield)
 15888 | Abyss:2  | Noticed a tentacled starspawn
 15937 | Abyss:2  | Noticed a tentacled starspawn
 15987 | Abyss:2  | Noticed a starcursed mass
 15989 | Abyss:2  | Noticed a bone dragon
 16016 | Abyss:2  | Found a shimmering altar of Xom.
 16037 | Abyss:2  | Noticed a tentacled starspawn
 16062 | Abyss:2  | Noticed a tentacled starspawn
 16084 | Abyss:2  | Noticed a tentacled starspawn
 16092 | Abyss:2  | Demolished by a tentacled starspawn

Skill      XL: |  1  2  3  4  5  6  7  8  9 10 11 12 |
---------------+-------------------------------------+-----
Long Blades    | 3 4 5 6 7 9 11 12 13 | 13.2
Dodging        | 3 4 5 6 7 |  7.3
Armour         | 1 2 3 4 5 6 |  6.8
Stealth        | 1 2 |  2.2
Fighting       | 3 4 5 6 8 9 |  9.1
Invocations    | 3 4 6 7 8 |  8.1
Throwing       | 2 3 |  3.6

Action                   |  1- 3 |  4- 6 |  7- 9 | 10-12 || total
-------------------------+-------+-------+-------+-------++-------
Melee: Long sword        |    81 |   241 |   307 |     5 ||   634
       Dagger            |       |     6 |       |       ||     6
       Demon blade       |       |       |   172 |   457 ||   629
       Spear             |       |       |       |     5 ||     5
Throw: Throwing net      |     2 |     1 |     4 |       ||     7
       Tomahawk          |       |       |     5 |    42 ||    47
Invok: Stomp             |       |       |     7 |     9 ||    16
       Line Pass         |       |       |     5 |     2 ||     7
  Use: Scroll            |       |     4 |    19 |     7 ||    30
       Potion            |       |       |     3 |     4 ||     7
 Stab: Sleeping          |     1 |    14 |     6 |     3 ||    24
       Paralysed         |       |       |     5 |    41 ||    46
       Confused          |       |       |     3 |       ||     3
       Held in net/web   |       |       |     2 |       ||     2
       Distracted        |       |       |       |     5 ||     5
  Eat: Chunk             |     1 |     7 |    17 |    17 ||    42
       Bread ration      |       |     1 |     2 |     3 ||     6
       Meat ration       |       |       |     2 |       ||     2
       Beef jerky        |       |       |     1 |     1 ||     2
       Pizza             |       |       |     1 |       ||     1
       Fruit             |       |       |     9 |     2 ||    11
Armor: Leather armour    |    18 |       |       |       ||    18
       Ring mail         |     9 |    13 |    26 |   148 ||   196
       Robe              |       |    60 |       |       ||    60
       Chain mail        |       |       |   214 |       ||   214
Dodge: Dodged            |    44 |   168 |   211 |   271 ||   694
Block: Other             |     2 |    15 |    26 |    23 ||    66
       Reflection        |       |       |     1 |       ||     1
       Rpst.: Long sword |    13 |    67 |    46 |       ||   126
       Demon blade       |       |       |    31 |    71 ||   102
